 Dungeon Crawl Stone Soup version 0.31-a0-1084-gb392501acf (webtiles) character file.

Game seed: 17447481880285687414

7207 Gumption the Destroyer (level 10, -5/57 HPs)
             Began as a Deep Elf Fire Elementalist on Nov 28, 2023.
             Was a Follower of Ashenzari.
             Slain by a yak (9 damage)
             ... on level 8 of the Dungeon.
             The game lasted 01:26:55 (9849 turns).

Gumption the Destroyer (Deep Elf Fire Elementalist) Turns: 9849, Time: 01:26:55

Health: -5/57      AC: 10    Str:  5    XL:     10   Next: 87%
Magic:  19/34      EV: 15    Int: 25    God:    Ashenzari [*.....]
Gold:   531        SH:  0    Dex: 15    Spells: 14/27 levels left

rFire   . . .        a - +3 short sword (venom)
rCold   . . .        (no shield)
rNeg    . . .        r - +3 leather armour of the Visionary Pleiades {Alch, Range} (curse)
rPois   .            z - +0 helmet
rElec   .            G - +0 cloak
rCorr   .            w - +0 pair of gloves
SInv    .            H - +0 pair of boots
Will    ++...        s - amulet of the acrobat
Stlth   ++           g - ring of the Chained Soothsayer {MP+9, Dev, Comp} (curse)
HPRegen 0.29/turn    L - ring of willpower
MPRegen 0.24/turn

%: acrobat
@: no status effects
A: no striking features
a: Renounce Religion, Curse Item, Shatter the Chains


You were on level 8 of the Dungeon.
You worshipped Ashenzari.
Ashenzari was aware of your devotion.
You visited 2 branches of the dungeon, and saw 9 of its levels.
You also visited: Sewer and Ossuary.

You collected 531 gold pieces.

Inventory:

Hand Weapons
 a - a +3 short sword of venom (weapon)
 b - a +0 short sword of electrocution
Missiles
 i - 8 atropa-tipped darts
 y - 45 poisoned darts
 D - a curare-tipped dart
Armour
 r - the cursed +3 leather armour of the Visionary Pleiades (worn) {Alch, Range}
   (You found it on level 3 of the Dungeon)

   It has a curse which improves the following skills: Alchemy: Poison Magic and
   Transmutations.
   Ranged Combat: Ranged Weapons and Throwing.
 w - a +0 pair of gloves (worn)
 z - a +0 helmet (worn)
 G - a +0 cloak (worn)
 H - a +0 pair of boots (worn)
Jewellery
 g - the cursed ring of the Chained Soothsayer (left hand) {MP+9, Dev, Comp}
   (You found it on level 1 of the Dungeon)

   [ring of magical power]

   MP+9:      It affects your magic capacity (+9).
   It has a curse which improves the following skills: Devices: Evocations and
   Shapeshifting.
   Companions: Summonings and Necromancy.
 p - a ring of protection from cold
 s - an amulet of the acrobat (around neck)
 L - a ring of willpower (right hand)
 M - a ring of flight
Talismans
 l - a serpent talisman
Wands
 q - a wand of flame (41)
 I - a wand of light (6)
Scrolls
 d - a scroll of vulnerability
 j - 3 scrolls of enchant armour
 m - a scroll of poison
 n - 2 scrolls of fear
 o - 2 scrolls of enchant weapon
 u - 8 scrolls of teleportation
 v - 2 scrolls of revelation
 E - 2 scrolls of blinking
 K - 2 scrolls of fog
Potions
 c - 3 potions of curing
 e - 2 potions of magic
 f - 3 potions of mutation
 h - 3 potions of enlightenment
 k - a potion of haste
 t - 2 potions of invisibility
 x - a potion of might
 A - 2 potions of heal wounds
 B - 4 potions of berserk rage
 C - 4 potions of brilliance
 F - a potion of attraction
 J - a potion of lignification


   Skills:
 * Level 4.2 Fighting
 + Level 9.0 Dodging
 - Level 2.4 Stealth
 - Level 9.0 Spellcasting
 * Level 11.4 Conjurations
 - Level 8.0 Fire Magic
 - Level 3.0 Ice Magic


You had 14 spell levels left.
You knew the following spells:

 Your Spells              Type           Power      Damage    Failure   Level
a - Foxfire               Conj/Fire      100%       2x1d9     1%          1
b - Scorch                Fire           100%       2d9       1%          2
c - Volatile Blastmotes   Fire/Tloc      62%        2d15      5%          3
d - Flame Wave            Conj/Fire      56%        2d13      1%          4
e - Hailstorm             Conj/Ice       47%        3d11      1%          3

Your spell library contained the following spells:

 Spells                   Type           Power      Damage    Failure   Level
 Freeze                   Ice            100%       1d10      2%          1
 Inner Flame              Hex/Fire       31%        N/A       5%          3
 Frozen Ramparts          Ice            52%        1d8       8%          3


Dungeon Overview and Level Annotations

Branches:
Dungeon (8/15)             Temple (1/1) D:6           Sewer (visited)
Ossuary (visited)
   Lair: D:8-11

Altars:
Ashenzari
Cheibriados
Dithmenos
Elyvilon
Fedhas
Gozag
Hepliaklqana
Kikubaaqudgha
Makhleb
Nemelex Xobeh
Okawaru
Ru
Sif Muna
Trog
Vehumet
Wu Jian
Xom
Yredelemnul
Zin
The Shining One

Annotations:
D:8 4 transporters


Message History

Confirm with . or Enter, or press ? or * to list all spells.
Flames lash the yak.
The yak is moderately wounded.
The yak's fire resistance burns away.
The foxfire hits the yak.
The yak is lightly wounded.
The foxfire hits the yak.
The yak is burned terribly!
The yak is moderately wounded.
The yak gores you!
* * * LOW HITPOINT WARNING * * *
The yak barely misses you.
Casting: Scorch (safe; 1% risk of failure)
Confirm with . or Enter, or press ? or * to list all spells.
Flames lash the yak.
The yak is burned terribly!
The yak is heavily wounded.
The yak is no longer more vulnerable to fire.
The yak gores you!
* * * LOW HITPOINT WARNING * * *
Casting: Scorch (safe; 1% risk of failure)
Confirm with . or Enter, or press ? or * to list all spells.
You conjure some foxfire!
The yak gores you!
* * * LOW HITPOINT WARNING * * *
Casting: Foxfire (safe; 1% risk of failure)
Confirm with . or Enter, or press ? or * to list all spells.
Flames lash the yak.
The yak is moderately wounded.
The yak's fire resistance burns away.
The yak is no longer more vulnerable to fire.
The foxfire hits the yak.
The yak is burned terribly!
The yak is severely wounded.
The foxfire hits the yak but does no damage.
The yak is moderately wounded.
The yak closely misses you.
Casting: Scorch (safe; 1% risk of failure)
Confirm with . or Enter, or press ? or * to list all spells.
Flames lash the yak.
The yak is lightly wounded.
The yak's fire resistance burns away.
The yak gores you!
* * * LOW HITPOINT WARNING * * *
The yak barely misses you. The yak gores you!
You die...

....... .......
...... # #...#
## #..# ### #.
#YY#######.# ##.
#YY##.....# ##..
#@Y.......# #...
##.......##
##... ##......#
##.... #......#
##..... ####...
#.....## #......
8..... #.....#
##...... .$...#
##....###.......
©....#
#...[.#........
.....#
###............


You could see 5 yaks.

Vanquished Creatures
  A two-headed ogre (D:8)
  A deep elf pyromancer (D:8)
  A cyclops (D:8)
  Sigmund (D:2)
  A wyvern (D:8)
  3 yaks (D:6)
  A shadow (D:8)
  4 water moccasins
  2 ice beasts
  3 sky beasts
  3 black bears
  An orc warrior (D:6)
  3 ogres
  5 centaurs
  A phantom (D:6)
  2 elf zombies (Ossuary)
  4 kobold brigands
  8 bullfrogs
  A gnoll sergeant (D:7)
  3 scorpions
  7 wights
  6 killer bees (D:8)
  2 howler monkeys
  A crimson imp (D:7)
  2 centaur zombies (Ossuary)
  A gnoll bouda (D:7)
  2 human zombies (Ossuary)
  2 jellies
  6 orc priests
  An iguana (D:4)
  2 sleepcaps
  6 orc wizards
  Natasha (thrice) (D:2)
  2 mummies (Ossuary)
  8 gnolls (D:7)
  6 adders
  A shadow imp (D:8)
  2 white imps
  2 adder zombies (Ossuary)
  A worm (D:4)
  2 dart slugs
  21 orcs
  13 endoplasms
  5 giant cockroaches
  7 goblins
  9 hobgoblins
  4 jackals
  4 quokkas
  11 ball pythons
  7 bats
  7 frilled lizards
  A goblin zombie (Ossuary)
  9 hobgoblin zombies (Ossuary)
  3 jackal zombies (Ossuary)
  42 kobolds
  13 kobold zombies (Ossuary)
  3 orc zombies (Ossuary)
  16 rats
  A spectral hobgoblin (D:1)
290 creatures vanquished.

Vanquished Creatures (collateral kills)
  11 foxfires
11 creatures vanquished.

Vanquished Creatures (others)
  An orc wizard (D:8)
  723 foxfires
724 creatures vanquished.

Grand Total: 1025 creatures vanquished

Notes
Turn   | Place    | Note
-------+----------+-------------------------------------------
     0 | D:1      | Gumption the Deep Elf Fire Elementalist began the quest for
                  | the Orb.
     0 | D:1      | Reached XP level 1. HP: 10/10 MP: 6/6
   239 | D:1      | Reached XP level 2. HP: 15/15 MP: 2/8
   634 | D:1      | Learned a level 2 spell: Scorch
   663 | D:1      | Reached skill level 2 in Conjurations
   713 | D:1      | Found a faded altar of an unknown god.
   855 | D:1      | Reached XP level 3. HP: 19/19 MP: 9/9
   859 | D:1      | Learned a level 3 spell: Volatile Blastmotes
  1114 | D:2      | Found a sacrificial altar of Ru.
  1574 | D:2      | Noticed Natasha
  1579 | D:2      | Killed Natasha
  1580 | D:2      | Reached XP level 4. HP: 24/24 MP: 11/11
  1640 | D:2      | Noticed Natasha
  1645 | D:2      | Found Vaid's Book Shoppe.
  1702 | D:2      | Killed Natasha
  1772 | D:2      | Reached skill level 3 in Conjurations
  1889 | D:2      | Noticed Sigmund
  1894 | D:2      | Killed Sigmund
  1895 | D:2      | Reached skill level 5 in Fire Magic
  1895 | D:2      | Reached XP level 5. HP: 28/28 MP: 13/13
  1895 | D:2      | Reached XP level 6. HP: 32/32 MP: 14/14
  2002 | D:2      | Noticed Natasha
  2007 | D:2      | Killed Natasha
  2008 | D:2      | Reached skill level 4 in Conjurations
  2045 | D:2      | Learned a level 4 spell: Flame Wave
  3136 | D:4      | Reached XP level 7. HP: 36/36 MP: 15/16
  3151 | D:4      | Found a glowing drain.
  3163 | Sewer    | Entered a sewer
  3276 | Sewer    | Reached skill level 5 in Conjurations
  3316 | Sewer    | Reached skill level 5 in Spellcasting
  3744 | D:4      | Found the +7 Throatcutter {drain, coup de grace}
  4017 | D:4      | Found a shadowy altar of Dithmenos.
  4146 | D:4      | Found a glowing golden altar of the Shining One.
  4320 | D:4      | Reached skill level 5 in Dodging
  4320 | D:4      | Reached skill level 6 in Conjurations
  4320 | D:4      | Reached XP level 8. HP: 41/41 MP: 18/18
  4927 | D:5      | Entered Level 5 of the Dungeon
  5334 | D:6      | Reached skill level 7 in Conjurations
  5406 | D:6      | Learned a level 3 spell: Hailstorm
  5570 | D:6      | Found a staircase to the Ecumenical Temple.
  5585 | Temple   | Entered the Ecumenical Temple
  5761 | Temple   | Became a worshipper of Ashenzari the Shackled
  5797 | D:6      | Reached XP level 9. HP: 11/45 MP: 14/21
  5799 | D:6      | Reached skill level 8 in Conjurations
  6033 | D:6      | Found a white marble altar of Elyvilon.
  6431 | D:6      | Found a radiant altar of Vehumet.
  6532 | D:6      | Found an ornate altar of the Wu Jian Council.
  6807 | D:7      | Found a sand-covered staircase.
  6832 | D:7      | Reached skill level 9 in Conjurations
  6971 | Ossuary  | Entered an ossuary
  7802 | D:7      | Found a blossoming altar of Fedhas.
  8174 | D:7      | Reached skill level 10 in Conjurations
  8210 | D:7      | Reached XP level 10. HP: 51/51 MP: 24/24
  8217 | D:7      | Reached skill level 1 in Fighting
  8225 | D:7      | Reached skill level 1 in Ice Magic
  8327 | D:7      | Reached * piety under Ashenzari
  8645 | D:8      | Found a transporter.
  8645 | D:8      | Found a transporter.
  8647 | D:8      | Found a transporter.
  8649 | D:8      | Found a transporter.
  8707 | D:8      | Found a shimmering blue altar of Sif Muna.
  8715 | D:8      | Found a basalt altar of Yredelemnul.
  8880 | D:8      | Noticed a cyclops
  8896 | D:8      | Killed a cyclops
  9513 | D:8      | Noticed a two-headed ogre
  9527 | D:8      | Killed a two-headed ogre
  9528 | D:8      | Reached skill level 11 in Conjurations
  9652 | D:8      | Noticed a deep elf pyromancer
  9664 | D:8      | Killed a deep elf pyromancer
  9849 | D:8      | Slain by a yak

Illustrated notes

Levels and vault maps discovered:
D:1:      sevenhm_arrival_forest_fort_small_4, layout_rooms,
          dreamdust_ecumenical_altar_drowned_temple
D:2:      minmay_angry_zag, layout_basic, serial_shops,
          nicolae_shop_hallway_stairs, basic_altar, uniq_sigmund, uniq_natasha
D:3:      layout_loops_ring
D:4:      kennysheep_kobold_camp, layout_cave_pools, lemuel_doored_altar,
          grunt_dithmenos_smoke_and_mirrors, cheibrodos_sewer_entry_sluice,
          st_stairs_4, chequers_serial_rivers_marsh,
          dreamdust_mushroom_princess, chequers_serial_rivers_micro_c,
          dilly_guarded_unrand_throatcut
D:5:      layout_rooms, minmay_misc_feat_nine_boxes
D:6:      layout_basic, mainiacjoe_overflow_swirl,
          nicolae_elyvilon_peaceful_grove, minmay_temple_entry_glassed_door
D:7:      layout_basic, fedhas_altar_2, lightli_ossuary_entry_decrepit_ruins,
          minmay_fire_ice_demons
D:8:      minmay_quarter_circles, layout_cave_pods, grunt_temple_overflow_open,
          nicolae_diode_quadrants
Temple:   nicolae_temple_slightly_damp_pantheon

Skill      XL: |  1  2  3  4  5  6  7  8  9 10 |
---------------+-------------------------------+-----
Conjurations   | 2 3 4 6 7 10 11 | 11.4
Fire Magic     | 4 5 6 7 8 |  8.0
Dodging        | 3 4 5 6 7 9 |  9.0
Spellcasting   | 4 5 7 8 9 |  9.0
Fighting       | 4 |  4.2
Ice Magic      | 3 |  3.0
Stealth        | |  2.4

Action                     |  1- 3 |  4- 6 |  7- 9 | 10-12 || total
---------------------------+-------+-------+-------+-------++-------
  Melee: Dagger            |     6 |     5 |       |       ||    11
         Short sword       |       |       |    30 |     1 ||    31
   Cast: Foxfire           |    77 |    40 |   238 |    78 ||   433
         Scorch            |    12 |    35 |   137 |    72 ||   256
         Hailstorm         |       |       |     1 |       ||     1
 Invoke: Curse Item        |       |       |     1 |     1 ||     2
    Use: Scroll            |       |     4 |    11 |       ||    15
         Potion            |       |       |     2 |     1 ||     3
   Stab: Sleeping          |     1 |       |     1 |       ||     2
 Armour: Robe              |     5 |     5 |       |       ||    10
         Leather armour    |       |     2 |    67 |    31 ||   100
  Dodge: Dodged            |    14 |    11 |   101 |    48 ||   174

Table legend: (Time is in decaauts)
 A = Elapsed time spent in this place.
 B = Non-inter-level travel time spent in this place.
 C = Inter-level travel time spent in this place.
 D = Time resting spent in this place.
 E = Time spent auto-exploring this place.
 F = Levels seen in this place.
 G = Mean time per level.
                   A        B        C        D        E       F      G
               +--------+--------+--------+--------+--------+-----+--------+
         Total |   9871 |   9702 |    169 |   3067 |   2119 |  11 |  897.4 |
       Dungeon |   8522 |   8353 |    169 |   2655 |   2076 |   8 | 1065.2 |
        Temple |    191 |    191 |      0 |      0 |      0 |   1 |  191.0 |
         Sewer |    549 |    549 |      0 |    248 |     39 |   1 |  549.0 |
       Ossuary |    606 |    606 |      0 |    164 |      4 |   1 |  606.0 |
               +--------+--------+--------+--------+--------+-----+--------+

Top non-repeatable levels by time:
     D:8: 1321 daAuts
     D:4: 1293 daAuts
     D:6: 1286 daAuts
     D:7: 1119 daAuts
     D:2: 1079 daAuts
     D:3: 1058 daAuts
     D:1: 969 daAuts
 Ossuary: 606 daAuts
   Sewer: 549 daAuts
     D:5: 394 daAuts
  Temple: 191 daAuts
